TOP OF THE 1ST |
New York Mets batting - Pitching for Chicago Cubs : RHP Bill Greif
|
Pitching: RHP Bill Greif
|
|
Batting: LHB Lyman Bostock
|
0-0: Foul Ball, location: 2F 0-1: Foul Ball, location: 2F 0-2: Fly out, F8 (Flyball, 78S, EV 88.1 MPH)
|
Batting: RHB Ray Knight
|
0-0: Called Strike 0-1: Ball 1-1: SINGLE (Groundball, 6D, EV 100.6 MPH)
|
Batting: LHB John Kruk
|
0-0: Ball 1-0: Called Strike 1-1: Ball 2-1: Ball 3-1: Fielders Choice at 2nd, 1-6 (Groundball, 13S, EV 69.4 MPH)
|
Batting: RHB Garry Maddox
|
0-0: SINGLE (Groundball, 34D, EV 99.4 MPH) John Kruk to second Runner from 2nd tries for 3rd, SAFE, no throw by RF
|
Batting: SHB Ken Singleton
|
0-0: Called Strike 0-1: Called Strike 0-2: Ball 1-2: Strikes out swinging
|
Top of the 1st over - 0 runs, 2 hits, 0 errors, 2 left on base; New York 0 - Chicago 0 |
BOTTOM OF THE 1ST |
Chicago Cubs batting - Pitching for New York Mets : RHP Benjamin Ochoa
|
Pitching: RHP Benjamin Ochoa
|
|
Batting: RHB Gary Ward
|
0-0: Foul Ball, location: 2F 0-1: DOUBLE (Flyball, 89D, EV 99.4 MPH)
|
Batting: RHB Lonnie Smith
|
0-0: Ball 1-0: SINGLE (Groundball, 4MS, EV 70.0 MPH) (infield hit) Gary Ward to third
|
Batting: RHB Jim Rice
|
0-0: Ball 1-0: Fly out, F7 (Flyball, 78D, EV 105.6 MPH) Runner from 3rd tags up, SCORES, throw by LF
|
Batting: SHB Roy Smalley
|
0-0: Called Strike 0-1: Ball 1-1: Fly out, F5 (Popup, 25F, EV 81.9 MPH)
|
Batting: RHB Marty Castillo
|
0-0: Called Strike Lonnie Smith steals 2nd base (no throw) 0-1: Foul Ball, location: 2F 0-2: Ball 1-2: Strikes out swinging
|
Bottom of the 1st over - 1 run, 2 hits, 0 errors, 1 left on base; New York 0 - Chicago 1 |
TOP OF THE 2ND |
New York Mets batting - Pitching for Chicago Cubs : RHP Bill Greif
|
Batting: RHB Rick Burleson
|
0-0: Ball 1-0: Foul Ball, location: 2F 1-1: Foul Ball, location: 2F 1-2: Foul Ball, location: 2F 1-2: Ground out 4-3 (Groundball, 4, EV 76.9 MPH)
|
Batting: RHB Bill Almon
|
0-0: Ball 1-0: SINGLE (Groundball, 6MD, EV 95.6 MPH)
|
Batting: LHB Terry Kennedy
|
0-0: Called Strike 0-1: Ball 1-1: Called Strike 1-2: Ball 2-2: SINGLE (Flyball, 8LS, EV 93.1 MPH) Bill Almon to second Runner from 2nd tries for 3rd, SAFE, no throw by CF
|
Batting: RHB Benjamin Ochoa
|
0-0: Ball 1-0: Called Strike 1-1: Bunted foul 1-2: Ball 2-2: Bunt - Flyout to P! F1
|
Batting: LHB Lyman Bostock
|
0-0: Ball 1-0: Swinging Strike 1-1: Foul Ball, location: 2F 1-2: Foul Ball, location: 2F 1-2: Ground out 4-3 (Groundball, 4, EV 90.0 MPH)
|
Top of the 2nd over - 0 runs, 2 hits, 0 errors, 2 left on base; New York 0 - Chicago 1 |
BOTTOM OF THE 2ND |
Chicago Cubs batting - Pitching for New York Mets : RHP Benjamin Ochoa
|
Batting: LHB Gerald Perry
|
0-0: Ball 1-0: Called Strike 1-1: Foul Ball, location: 2F 1-2: Foul Ball, location: 2F 1-2: DOUBLE (Line Drive, 7LS, EV 96.3 MPH)
|
Batting: RHB Fran Mullins
|
0-0: Ball 1-0: Ground out 6-3 (Groundball, 6, EV 81.9 MPH) Gerald Perry to third
|
Batting: RHB Rick Cerone
|
0-0: Called Strike 0-1: Ball 1-1: Fly out, F9 (Flyball, 89S, EV 84.4 MPH) Runner from 3rd tags up, SCORES, throw by RF
|
Batting: RHB Bill Greif
|
0-0: Ball 1-0: Foul Ball, location: 2F 1-1: Swinging Strike 1-2: Foul Ball, location: 2F 1-2: Ball 2-2: Foul Ball, location: 2F 2-2: Strikes out swinging
|
Bottom of the 2nd over - 1 run, 1 hit, 0 errors, 0 left on base; New York 0 - Chicago 2 |
TOP OF THE 3RD |
New York Mets batting - Pitching for Chicago Cubs : RHP Bill Greif
|
Batting: RHB Ray Knight
|
0-0: Fly out, F8 (Flyball, 8LS, EV 85.0 MPH)
|
Batting: LHB John Kruk
|
0-0: Ball 1-0: Ball 2-0: SINGLE (Line Drive, 6M, EV 98.8 MPH)
|
Batting: RHB Garry Maddox
|
0-0: Called Strike 0-1: Ball 1-1: Called Strike 1-2: Grounds into double play, 4-6-3 (Groundball, 34, EV 106.3 MPH)
|
Top of the 3rd over - 0 runs, 1 hit, 0 errors, 0 left on base; New York 0 - Chicago 2 |
BOTTOM OF THE 3RD |
Chicago Cubs batting - Pitching for New York Mets : RHP Benjamin Ochoa
|
Batting: RHB Gary Ward
|
0-0: Ground out 5-3 (Groundball, 56, EV 86.9 MPH)
|
Batting: RHB Lonnie Smith
|
0-0: Ball 1-0: Ball 2-0: Called Strike 2-1: Swinging Strike 2-2: Strikes out looking
|
Batting: RHB Jim Rice
|
0-0: Foul Ball, location: 2F 0-1: Foul Ball, location: 2F 0-2: Ball 1-2: Ball 2-2: Foul Ball, location: 2F 2-2: SINGLE (Groundball, 23, EV 75.6 MPH) (infield hit)
|
Batting: SHB Roy Smalley
|
0-0: Ball 1-0: Called Strike 1-1: Foul Ball, location: 2F 1-2: Ball 2-2: Ball 3-2: Base on Balls Jim Rice to second
|
Batting: RHB Marty Castillo
|
0-0: Ball 1-0: Ball 2-0: Ball 3-0: Base on Balls Jim Rice to third Roy Smalley to second
|
Batting: LHB Gerald Perry
|
0-0: Ball 1-0: SINGLE (Line Drive, 6M, EV 100.0 MPH) Jim Rice scores Roy Smalley to third Marty Castillo to second Runner from 3rd tries for Home, SAFE, throw by CF to home
|
Batting: RHB Fran Mullins
|
0-0: Called Strike 0-1: Foul Ball, location: 2F 0-2: Ball 1-2: Ball 2-2: Ball 3-2: Strikes out looking
|
Bottom of the 3rd over - 2 runs, 2 hits, 0 errors, 2 left on base; New York 0 - Chicago 4 |
TOP OF THE 4TH |
New York Mets batting - Pitching for Chicago Cubs : RHP Bill Greif
|
Batting: SHB Ken Singleton
|
0-0: Ball 1-0: SOLO HOME RUN (Flyball, 89XD, EV 100.0 MPH), Distance : 418 ft
|
Batting: RHB Rick Burleson
|
0-0: Fly out, F2 (Popup, 5SF, EV 83.8 MPH)
|
Batting: RHB Bill Almon
|
0-0: Reached on error, E2 (Groundball, 2L, EV 68.1 MPH)
|
Batting: LHB Terry Kennedy
|
0-0: Ball 1-0: Grounds into double play, 4-6-3 (Groundball, 4, EV 90.6 MPH)
|
Top of the 4th over - 1 run, 1 hit, 1 error, 0 left on base; New York 1 - Chicago 4 |
BOTTOM OF THE 4TH |
Chicago Cubs batting - Pitching for New York Mets : RHP Benjamin Ochoa
|
Batting: RHB Rick Cerone
|
0-0: Called Strike 0-1: Foul Ball, location: 2F 0-2: Ball 1-2: Foul Ball, location: 2F 1-2: Ball 2-2: Fly out, F9 (Flyball, 9D, EV 109.4 MPH)
|
Batting: RHB Bill Greif
|
0-0: Called Strike 0-1: Called Strike 0-2: Ball 1-2: Strikes out swinging
|
Batting: RHB Gary Ward
|
0-0: Ground out 6-3 (Groundball, 56, EV 85.0 MPH)
|
Bottom of the 4th over - 0 runs, 0 hits, 0 errors, 0 left on base; New York 1 - Chicago 4 |
TOP OF THE 5TH |
New York Mets batting - Pitching for Chicago Cubs : RHP Bill Greif
|
Batting: RHB Benjamin Ochoa
|
0-0: Ground out 4-3 (Groundball, 4, EV 103.1 MPH)
|
Batting: LHB Lyman Bostock
|
0-0: Ball 1-0: SINGLE (Groundball, 34D, EV 98.8 MPH)
|
Batting: RHB Ray Knight
|
0-0: Ball 1-0: Ball 2-0: SINGLE (Groundball, 4MD, EV 96.3 MPH) Lyman Bostock to second Runner from 2nd tries for 3rd, SAFE, no throw by CF
|
Batting: LHB John Kruk
|
0-0: Called Strike 0-1: Ball 1-1: Ball 2-1: Foul Ball, location: 2F 2-2: Ball 3-2: SINGLE (Line Drive, 6M, EV 108.1 MPH) Lyman Bostock scores Ray Knight to second Runner from 2nd tries for 3rd, SAFE, no throw by CF
|
Batting: RHB Garry Maddox
|
0-0: Ball John Kruk is caught stealing 2nd base 2-4 1-0: Foul Ball, location: 2F 1-1: Ball 2-1: Swinging Strike 2-2: SINGLE (Groundball, 6MD, EV 102.5 MPH) Ray Knight scores
|
Batting: SHB Ken Singleton
|
0-0: Called Strike Garry Maddox is caught stealing 2nd base 2-6
|
Top of the 5th over - 2 runs, 4 hits, 0 errors, 0 left on base; New York 3 - Chicago 4 |
BOTTOM OF THE 5TH |
Chicago Cubs batting - Pitching for New York Mets : RHP Benjamin Ochoa
|
Batting: RHB Lonnie Smith
|
0-0: Foul Ball, location: 2F 0-1: Ball 1-1: Foul Ball, location: 2F 1-2: Ball 2-2: Foul Ball, location: 2F 2-2: Ball 3-2: Foul Ball, location: 2F 3-2: Base on Balls
|
Batting: RHB Jim Rice
|
0-0: Called Strike 0-1: Ball 1-1: Grounds into double play, 1-6-3 (Groundball, 13S, EV 66.3 MPH)
|
Batting: SHB Roy Smalley
|
0-0: SINGLE (Groundball, 4MD, EV 103.8 MPH)
|
Batting: RHB Marty Castillo
|
0-0: Swinging Strike 0-1: Ball 1-1: Ball 2-1: Called Strike Balk! Roy Smalley to second 2-2: Strikes out swinging
|
Bottom of the 5th over - 0 runs, 1 hit, 0 errors, 1 left on base; New York 3 - Chicago 4 |
TOP OF THE 6TH |
New York Mets batting - Pitching for Chicago Cubs : RHP Bill Greif
|
Batting: SHB Ken Singleton
|
0-0: Called Strike 0-1: Foul Ball, location: 2F 0-2: Ball 1-2: SINGLE (Flyball, 78S, EV 92.5 MPH)
|
Batting: RHB Rick Burleson
|
0-0: Foul Ball, location: 2F 0-1: Called Strike 0-2: Fly out, F9 (Flyball, 89S, EV 84.4 MPH)
|
Batting: RHB Bill Almon
|
0-0: Ball 1-0: Fly out, F3 (Popup, 3S, EV 80.0 MPH)
|
Batting: LHB Terry Kennedy
|
0-0: SINGLE (Flyball, 5D, EV 100.6 MPH) Ken Singleton to second
|
Batting: RHB Benjamin Ochoa
|
0-0: Ball 1-0: Ball 2-0: Swinging Strike 2-1: Foul Ball, location: 2F 2-2: Strikes out swinging
|
Top of the 6th over - 0 runs, 2 hits, 0 errors, 2 left on base; New York 3 - Chicago 4 |
BOTTOM OF THE 6TH |
Chicago Cubs batting - Pitching for New York Mets : RHP Benjamin Ochoa
|
Batting: LHB Gerald Perry
|
0-0: Ground out 4-3 (Groundball, 4, EV 91.3 MPH)
|
Batting: RHB Fran Mullins
|
0-0: Swinging Strike 0-1: Ball 1-1: Swinging Strike 1-2: Strikes out looking
|
Batting: RHB Rick Cerone
|
0-0: Ball 1-0: Ground out 6-3 (Groundball, 6D, EV 104.4 MPH)
|
Bottom of the 6th over - 0 runs, 0 hits, 0 errors, 0 left on base; New York 3 - Chicago 4 |
TOP OF THE 7TH |
New York Mets batting - Pitching for Chicago Cubs : RHP Bill Greif
|
Batting: LHB Lyman Bostock
|
0-0: Ground out 4-3 (Groundball, 4, EV 88.1 MPH)
|
Batting: RHB Ray Knight
|
0-0: Foul Ball, location: 2F 0-1: Foul Ball, location: 2F 0-2: Ball 1-2: Fly out, F7 (Flyball, 7, EV 95.0 MPH)
|
Batting: LHB John Kruk
|
0-0: DOUBLE (Line Drive, 89D, EV 102.5 MPH)
|
Batting: RHB Garry Maddox
|
0-0: Foul Ball, location: 2F 0-1: Foul Ball, location: 2F 0-2: Ball 1-2: Ball 2-2: Foul Ball, location: 2F 2-2: Ground out U3 (Groundball, 34, EV 78.1 MPH)
|
Top of the 7th over - 0 runs, 1 hit, 0 errors, 1 left on base; New York 3 - Chicago 4 |
BOTTOM OF THE 7TH |
Chicago Cubs batting - Pitching for New York Mets : RHP Benjamin Ochoa
|
Batting: RHB Bill Greif
|
0-0: Called Strike 0-1: Ball 1-1: Ball 2-1: Swinging Strike 2-2: Strikes out looking
|
Batting: RHB Gary Ward
|
0-0: Swinging Strike 0-1: Ball 1-1: Ball 2-1: Foul Ball, location: 2F 2-2: Ball 3-2: Foul Ball, location: 2F 3-2: Base on Balls
|
Batting: RHB Lonnie Smith
|
0-0: Ball 1-0: Foul Ball, location: 2F 1-1: SINGLE (Groundball, 5D, EV 97.5 MPH) Gary Ward to second Runner from 2nd tries for 3rd, SAFE, throw by LF made to third
|
Batting: RHB Jim Rice
|
0-0: Foul Ball, location: 2F 0-1: Called Strike Lonnie Smith steals 2nd base 0-2: Ball 1-2: Strikes out swinging
|
Batting: SHB Roy Smalley
|
0-0: Ball 1-0: Swinging Strike 1-1: Ball Wild Pitch! Gary Ward scores Lonnie Smith to third 2-1: Ball 3-1: Base on Balls
|
Pitching: RHP Kip Young
|
|
Batting: RHB Marty Castillo
|
0-0: Ground out 5-3 (Groundball, 5S, EV 71.9 MPH)
|
Bottom of the 7th over - 1 run, 1 hit, 0 errors, 2 left on base; New York 3 - Chicago 5 |
TOP OF THE 8TH |
New York Mets batting - Pitching for Chicago Cubs : RHP Bill Greif
|
Batting: SHB Ken Singleton
|
0-0: Foul Ball, location: 2F 0-1: Ball 1-1: Ball 2-1: SINGLE (Line Drive, 8LS, EV 106.9 MPH)
|
Batting: RHB Rick Burleson
|
0-0: Foul Ball, location: 2F 0-1: SINGLE (Groundball, 34S, EV 92.5 MPH) (infield hit) Ken Singleton to second
|
Batting: RHB Bill Almon
|
0-0: Ball 1-0: Sac Bunt to 3S - play at third, runner OUT! 3-5 Rick Burleson to second
|
Batting: LHB Terry Kennedy
|
0-0: Ball 1-0: Ball 2-0: DOUBLE (Line Drive, 9LM, EV 112.5 MPH) Rick Burleson scores Bill Almon to third Runner from 3rd tries for Home, SAFE, throw by RF to home
|
Pinch Hitting: LHB Alamazoo White
|
0-0: Ball Passed Ball! Terry Kennedy to third 1-0: Called Strike 1-1: Fly out, F8 (Line Drive, 8RXD, EV 106.3 MPH) Runner from 3rd tags up, SCORES, no throw by CF
|
Batting: LHB Lyman Bostock
|
0-0: Called Strike 0-1: Ground out U3 (Groundball, 34, EV 91.9 MPH)
|
Top of the 8th over - 3 runs, 3 hits, 0 errors, 0 left on base; New York 6 - Chicago 5 |
BOTTOM OF THE 8TH |
Chicago Cubs batting - Pitching for New York Mets : RHP Kip Young
|
Pitching: RHP Matt Adams
|
|
Batting: LHB Gerald Perry
|
0-0: Ball 1-0: Fly out, F8 (Line Drive, 8RD, EV 83.8 MPH)
|
Batting: RHB Fran Mullins
|
0-0: Foul Ball, location: 2F 0-1: Ball 1-1: Ball 2-1: Fly out, F9 (Flyball, 9, EV 91.3 MPH)
|
Batting: RHB Rick Cerone
|
0-0: Ball 1-0: Ball 2-0: Foul Ball, location: 2F 2-1: Called Strike 2-2: Strikes out swinging
|
Bottom of the 8th over - 0 runs, 0 hits, 0 errors, 0 left on base; New York 6 - Chicago 5 |
TOP OF THE 9TH |
New York Mets batting - Pitching for Chicago Cubs : RHP Bill Greif
|
Pitching: LHP Dave Dravecky
|
|
Batting: RHB Ray Knight
|
0-0: Ball 1-0: Ball 2-0: Ball 3-0: Called Strike 3-1: Foul Ball, location: 2F 3-2: Foul Ball, location: 2F 3-2: Base on Balls
|
Batting: LHB John Kruk
|
0-0: Ball 1-0: Swinging Strike 1-1: Ball 2-1: Grounds out, U3 (Groundball, 3L, EV 88.1 MPH)
|
Batting: RHB Garry Maddox
|
0-0: Ground out 5-3 (Groundball, 5L, EV 100.6 MPH)
|
Batting: SHB Ken Singleton
|
0-0: Intentional Walk
|
Batting: RHB Rick Burleson
|
0-0: Foul Ball, location: 2F 0-1: Fly out, F8 (Line Drive, 8LD, EV 103.8 MPH)
|
Top of the 9th over - 0 runs, 0 hits, 0 errors, 2 left on base; New York 6 - Chicago 5 |
BOTTOM OF THE 9TH |
Chicago Cubs batting - Pitching for New York Mets : RHP Matt Adams
|
Now at 1B: Gary Redus
|
|
Pinch Hitting: LHB Dave Bergman
|
0-0: Fly out, F7 (Flyball, 7D, EV 91.9 MPH)
|
Batting: RHB Gary Ward
|
0-0: Called Strike 0-1: Ball 1-1: Ball 2-1: Ball 3-1: Foul Ball, location: 2F 3-2: SINGLE (Flyball, 8RS, EV 93.1 MPH)
|
Batting: RHB Lonnie Smith
|
0-0: Called Strike 0-1: SINGLE (Line Drive, 3D, EV 99.4 MPH) Gary Ward to second Runner from 2nd tries for 3rd, SAFE, throw by RF made to third
|
Batting: RHB Jim Rice
|
0-0: Ball 1-0: Ball 2-0: Foul Ball, location: 2F 2-1: DOUBLE (Line Drive, 89XD, EV 101.3 MPH) Gary Ward scores Lonnie Smith to third Runner from 3rd tries for Home, SAFE, throw by CF to home
|
Bottom of the 9th over - 2 runs, 3 hits, 0 errors, 0 left on base; New York 6 - Chicago 7 |
|